 Dungeon Crawl Stone Soup version 0.28.0-45-g0d030f2227 (webtiles) character file.

Game seed: 15416616118456752473

15 NinjaNoafa the Ruffian (level 2, -1/23 HPs)
             Began as a Draconian Transmuter on Apr 4, 2022.
             Succumbed to a goblin's poison
             ... on level 1 of the Dungeon.
             The game lasted 00:01:10 (311 turns).

NinjaNoafa the Ruffian (Draconian Transmuter)        Turns: 311, Time: 00:01:12

Health: -1/23      AC:  4    Str: 12    XL:     2   Next: 34%
Magic:  5/5        EV: 12    Int: 13    God:
Gold:   0          SH:  0    Dex: 11    Spells: 4/5 levels left

rFire   . . .      SeeInvis .     - Unarmed
rCold   . . .      Faith    .   (no shield)
rNeg    . . .      Spirit   .   (armour unavailable)
rPois   .          Reflect  .   (helmet restricted)
rElec   .          Harm     .   (no cloak)
rCorr   .          Rampage  .   (no gloves)
Will    .....                   (no boots)
Stlth   +.........              (no amulet)
HPRegen 0.07/turn               (no ring)
MPRegen 0.09/turn               (no ring)

@: lethally poisoned (-1 -> -9)
A: AC +4, unfitting armour, cold-blooded
a: no special abilities


You were on level 1 of the Dungeon.
You visited 1 branch of the dungeon, and saw 1 of its levels.

Inventory:

Hand Weapons
 b - a +0 whip
Missiles
 a - 28 stones


   Skills:
 + Level 1.4 Fighting
 + Level 2.0 Dodging
 * Level 1.1 Stealth
 - Level 3.0 Unarmed Combat
 + Level 2.1 Spellcasting
 + Level 2.1 Transmutations


You had 4 spell levels left.
You knew the following spells:

 Your Spells              Type           Power      Damage    Failure   Level
a - Beastly Appendage     Tmut           14%        N/A       11%         1

Your spell library contained the following spells:

 Spells                   Type           Power      Damage    Failure   Level
 Wereblood                Tmut           7%         N/A       16%         2
 Spider Form              Tmut/Pois      4%         N/A       43%         3
 Ice Form                 Ice/Tmut       4%         N/A       85%         4


Dungeon Overview and Level Annotations

Branches:
Dungeon (1/15)

Altars:


Innate Abilities, Weirdness & Mutations

Your plain brown scales are hard. (AC +4)
You cannot fit into any form of body armour.
You are cold-blooded and may be slowed by cold attacks.


Message History

Things that are here:
a +0 club; a hobgoblin corpse; a goblin corpse You closely miss the rat.
The hobgoblin hits you. The kobold hits you with a +0 dagger.
You barely miss the hobgoblin. Your kick misses the hobgoblin.
The rat bites you but does no damage. The hobgoblin hits you.
You barely miss the hobgoblin. You headbutt the hobgoblin.
The hobgoblin is lightly wounded.
The kobold barely misses you. The rat misses you. The hobgoblin misses you.
You closely miss the hobgoblin. Your headbutt misses the hobgoblin.
The hobgoblin is lightly wounded.
The kobold hits you but does no damage. The rat barely misses you.
You closely miss the hobgoblin. You claw the hobgoblin.
Your headbutt misses the hobgoblin.
The hobgoblin is moderately wounded.
The kobold closely misses you. The rat bites you but does no damage.
The hobgoblin hits you.
You closely miss the hobgoblin. You headbutt the hobgoblin.
You kill the hobgoblin!
The kobold hits you but does no damage. The rat bites you.
* * * LOW HITPOINT WARNING * * *
Your Dodging skill increases to level 2!
You aren't carrying any potions.
You aren't carrying any scrolls.
You barely miss the kobold. Your headbutt misses the kobold.
The goblin hits you with a +0 dagger of venom.
* * * LOW HITPOINT WARNING * * *
You are lethally poisoned!
The kobold misses you. The rat barely misses you.
The goblin closely misses you.
You barely miss the kobold. Your kick misses the kobold.
Your tail-slap misses the kobold.
* * * LOW HITPOINT WARNING * * *
You feel sick. The goblin barely misses you.
The kobold hits you but does no damage. The rat closely misses you.
The goblin closely misses you.
You barely miss the goblin. You claw the goblin, but do no damage.
Your tail-slap misses the goblin.
Your horns disappear.
Your talons disappear.
You die...

.. ......# .. ....... #.
......# # . ##. .......
# .. ..###.. .......
####... #...... .......
........###.#.gK#r....##
..............##@g.# ...
................g#.#..#
.(....................#
##....................#.
##............##........
#..........#.#.......#.
##..............###.....
............#.#####.....
....########..#......##.


You could see a hobgoblin, 2 goblins, a kobold and a rat.

Vanquished Creatures
  3 endoplasms (D:1)
  2 goblins (D:1)
  3 hobgoblins (D:1)
  A quokka (D:1)
  A bat (D:1)
  2 frilled lizards (D:1)
  A kobold (D:1)
13 creatures vanquished.

Notes
Turn   | Place    | Note
-------+----------+-------------------------------------------
     0 | D:1      | NinjaNoafa the Draconian Transmuter began the quest for the
                  | Orb.
     0 | D:1      | Reached XP level 1. HP: 16/16 MP: 3/3
   177 | D:1      | Reached XP level 2. HP: 19/23 MP: 5/5
   180 | D:1      | Reached skill level 1 in Stealth
   310 | D:1      | HP: 1/23 [poisoned by a goblin]
   311 | D:1      | Succumbed to a goblin's poison

Illustrated notes

Levels and vault maps discovered:
D:1:      kennysheep_arrival_seaside, layout_rooms,
          hellmonk_ecumenical_altar_inner_sanctum

Skill      XL: |  1  2 |
---------------+-------+-----
Stealth        | 1 |  1.1
Dodging        | 2 |  2.0
Fighting       | |  1.4
Unarmed Combat | |  3.0
Spellcasting   | |  2.1
Transmutations | |  2.1

Action                   || total
-------------------------++-------
Melee: Unarmed           ||    39
       Kick              ||     4
       Tailslap          ||     4
       Headbutt          ||     3
 Cast: Beastly Appendage ||     3
Armor: Skin              ||    14
Dodge: Dodged            ||    27
